 Dungeon Crawl Stone Soup version 0.17-a0-777-g32247ce (webtiles) character file.

39 Lokkij the Insei (level 3, 0/27 HPs)
             Began as a Demigod Transmuter on Apr 25, 2015.
             Succumbed to an adder's poison
             ... on level 2 of the Dungeon.
             The game lasted 00:02:08 (1648 turns).

Lokkij the Insei (Demigod Transmuter)               Turns: 1648, Time: 00:02:08

Health: 0/27       AC:  3    Str: 20    XL:     3   Next: 13%
Magic:  7/8        EV: 12    Int: 22    God:
Gold:   30         SH:  0    Dex: 16    Spells: 1 memorised, 4 levels left

rFire  . . .     SeeInvis .     e - +0 dagger
rCold  . . .     Clarity  .     b - +0 robe
rNeg   . . .     SustAb   +     (no shield)
rPois  .         Gourm    .     (no helmet)
rElec  .         Spirit   .     (no cloak)
rCorr  .         Warding  .     (no gloves)
rMut   .         Stasis   .     n - +0 pair of boots
MR     .....                    (no amulet)
Stlth  +.........               (no ring)
                                (no ring)

@: mighty, brilliant, lethally poisoned (0 -> -4), appendage (expiring), flying,
not resistant to hostile enchantments, very unstealthy
A: horns 2, high mp 1, sustain abilities
a: End Transformation


You were on level 2 of the Dungeon.
You were not hungry.
You had grown temporary horns.
You visited 1 branch of the dungeon, and saw 2 of its levels.

You collected 30 gold pieces.

Inventory:

Hand weapons
 e - a +0 dagger (weapon)
Missiles
 a - 47 arrows
Armour
 b - a +0 robe (worn)
 n - a +0 pair of boots (worn)
Scrolls
 f - a scroll of magic mapping {unknown}
 h - a scroll of remove curse {unknown}
 l - a scroll of identify {unknown}
 m - a scroll of recharging {unknown}
Books
 c - a book of Changes

   Spells                             Type                      Level
   a - Beastly Appendage              Transmutation                1
   b - Sticks to Snakes               Transmutation                2
   c - Spider Form                    Transmutation/Poison         3
   d - Ice Form                       Ice/Transmutation            4
   e - Blade Hands                    Transmutation                5
Comestibles
 d - a bread ration
 o - a chunk of flesh


   Skills:
 - Level 0.8 Fighting
 - Level 1.7 Dodging
 * Level 3.4 Unarmed Combat
 - Level 1.7 Spellcasting
 + Level 2.5 Transmutations


You had 4 spell levels left.
You knew the following spells:

 Your Spells              Type           Power        Failure   Level  Hunger
a - Beastly Appendage     Trmt           ####..       1%          1    #......


Dungeon Overview and Level Annotations

Branches:
Dungeon (2/15)


Innate Abilities, Weirdness & Mutations

You have an increased reservoir of magic (+10% MP).
Your attributes are resistant to harm.
You have a pair of horns on your head.


Message History

You fly up into the air.
The bat hits you.
* * * LOW HITPOINT WARNING * * *
The bat hits you but does no damage. The rat bites you.
* * * LOW HITPOINT WARNING * * *
Drink which item? (? for menu, Esc to quit)
It was a potion of restore abilities.
You feel refreshed.
Your transformation is almost over.
The bat hits you.
* * * LOW HITPOINT WARNING * * *
The rat closely misses you.
Drink which item? (? for menu, Esc to quit)
It was a potion of brilliance.
You feel clever all of a sudden.
* * * LOW HITPOINT WARNING * * *
You feel sick. The rat closely misses you. The bat closely misses you.
You puncture the rat!
You kill the rat!
The bat hits you but does no damage.
You barely miss the bat. The bat closely misses you.
You die...

. ..._ ... ...
.. #.### ...# #
#######.##..##
#.....<@.b...#
#.......†....#
....####.####...
.#. ... # ....
...... .._...[
..$.... ...


You could see a bat.

Vanquished Creatures
  An adder (D:2)
  A gnoll (D:1)
  A giant gecko (D:1)
  3 bats (D:1)
  2 giant cockroaches (D:1)
  3 hobgoblins (D:1)
  A kobold (D:1)
  2 giant newts (D:1)
  3 goblins (D:1)
  3 rats
20 creatures vanquished.

Notes
Turn   | Place    | Note
--------------------------------------------------------------
     0 | D:1      | Lokkij, the Demigod Transmuter, began the quest for the Orb.
     0 | D:1      | Reached XP level 1. HP: 15/15 MP: 5/5
    39 | D:1      | Reached skill level 3 in Unarmed Combat
    39 | D:1      | Reached XP level 2. HP: 5/22 MP: 5/7
  1622 | D:2      | Found a sacrificial altar of Ru.
  1623 | D:2      | Found a shimmering altar of Xom.
  1640 | D:2      | Reached XP level 3. HP: 7/27 MP: 6/8
  1645 | D:2      | HP: 1/27 [poisoned by an adder]
  1648 | D:2      | Succumbed to an adder's poison

Action                   || total
-------------------------++-------
Melee: Unarmed           ||    17
       Dagger            ||    76
 Cast: Beastly Appendage ||     2
  Use: Potion            ||     4
 Stab: Sleeping          ||     1
  Eat: Chunk             ||     2
